 Dungeon Crawl Stone Soup version 0.31-a0-202-g547052bce9 (webtiles) character file.

Game seed: 12151406257568858256

72 qw the Shooter (level 4, 0/25 HPs)
             Began as a Deep Elf Hunter on June 26, 2023.
             Slain by a hound (5 damage)
             ... on level 3 of the Dungeon.
             The game lasted 00:00:33 (1099 turns).

qw the Shooter (Deep Elf Hunter)                    Turns: 1099, Time: 00:00:33

Health: 0/25       AC:  5    Str: 10    XL:     4   Next: 6%
Magic:  6/6        EV: 11    Int: 14    God:
Gold:   93         SH:  0    Dex: 18    Spells: 3/3 levels left

rFire   . . .        Y - +0 shortbow
rCold   . . .        (shield currently unavailable)
rNeg    . . .        k - +0 ring mail
rPois   .            (no helmet)
rElec   .            (no cloak)
rCorr   .            (no gloves)
SInv    .            (no boots)
Will    .....        (no amulet)
Stlth   +            (no ring)
HPRegen 0.24/turn    (no ring)
MPRegen 0.10/turn

%: no passive effects
@: about to teleport
A: no striking features
a: no special abilities


You were on level 3 of the Dungeon.
You visited 1 branch of the dungeon, and saw 3 of its levels.

You collected 93 gold pieces.


   Skills:
 - Level 1.5 Fighting
 + Level 7.5 Ranged Weapons
 - Level 2.4 Dodging
 - Level 1.2 Stealth


You had 3 spell levels left.
You didn't know any spells.
Your spell library was empty.

Inventory:

Hand Weapons
 Y - a +0 shortbow (weapon)
Armour
 k - a +0 ring mail (worn)
Scrolls
 a - a scroll of identify
 g - 2 scrolls of teleportation
Potions
 b - a potion of curing
 d - a potion of mutation {unknown}
 e - a potion of cancellation {unknown}
 f - a potion of heal wounds {unknown}
 i - a potion of brilliance {unknown}

Dungeon Overview and Level Annotations

Branches:
Dungeon (3/15)

Altars:
Uskayaw

Shops:
D:1 !


Message History

The hound is severely wounded.
The hound bites you but does no damage.
You shoot an arrow. The arrow closely misses the hound.
The hound bites you but does no damage. The hound bites you.
You shoot an arrow.
The arrow hits the hound but does no damage.
The hound is severely wounded.
The hound bites you but does no damage. The hound barely misses you.
You shoot an arrow. The arrow closely misses the hound.
The hound bites you.
You shoot an arrow.
The arrow hits the hound but does no damage.
The hound is severely wounded.
The hound bites you. The hound bites you but does no damage.
You shoot an arrow.
The arrow hits the hound but does no damage.
The hound is severely wounded.
The hound barely misses you. The giant cockroach closely misses you.
The hound bites you but does no damage.
You shoot an arrow.
The arrow hits the hound but does no damage.
The hound is severely wounded.
The hound bites you.
The giant cockroach bites you but does no damage. x2
The hound bites you.
You shoot an arrow. The arrow misses the hound.
The hound barely misses you.
The giant cockroach bites you but does no damage.
You shoot an arrow. The arrow barely misses the hound.
The hound closely misses you. The giant cockroach bites you.
The hound bites you.
You shoot an arrow. The arrow barely misses the hound.
The giant cockroach bites you. The hound bites you.
The giant cockroach bites you but does no damage.
The hound bites you.
1099 ||| READING 3 scrolls of teleportation.
As you read the scroll of teleportation, it crumbles to dust.
You feel strangely unstable. The hound bites you.
You die...

.. ## #.
... #. ...
#. #..# #.
#.#.#.
#<##$.....
#.B.#....?
#@h...%..
#<##.....
#.......>
...#.....
#.... ....
#..##. .#.
.... .. #
#..# ..
#... ...


You could see a hound and a giant cockroach.

Vanquished Creatures
  2 adders (D:2)
  A dart slug (D:2)
  4 endoplasms
  5 giant cockroaches (D:1)
  2 goblins
  4 hobgoblins
  5 jackals
  A quokka (D:1)
  7 ball pythons
  6 bats
  A frilled lizard (D:2)
  4 kobolds
  7 rats
49 creatures vanquished.

Notes
Turn   | Place    | Note
-------+----------+-------------------------------------------
     0 | D:1      | qw the Deep Elf Hunter began the quest for the Orb.
     0 | D:1      | Reached XP level 1. HP: 12/12 MP: 3/3
     0 | D:1      | 0 ||| qw: Version: 0.3-a-22-g0ed2b0b
     0 | D:1      | 0 ||| qw: Game counter: 5895
     0 | D:1      | 0 ||| qw: Melee chars always use a shield: true
     0 | D:1      | 0 ||| qw: God list: Okawaru
     0 | D:1      | 0 ||| qw: Allow faded altars: false
     0 | D:1      | 0 ||| qw: Do Orc after clearing Dungeon:15 true
     0 | D:1      | 0 ||| qw: Do second Lair branch before Depths: true
     0 | D:1      | 0 ||| qw: Lair rune preference: random
     0 | D:1      | 0 ||| qw: Goals: Normal
     0 | D:1      | 0 ||| PLANNING D:1-11
    44 | D:1      | Found Jyam Gai's Distillery.
    58 | D:1      | 58 ||| SHOPLISTING potion of curing (33 gold, have 19).
    58 | D:1      | 58 ||| SHOPLISTING potion of enlightenment (55 gold, have
                  | 19).
    58 | D:1      | 58 ||| SHOPLISTING potion of heal wounds (55 gold, have
                  | 19).
    58 | D:1      | 58 ||| SHOPLISTING potion of mutation (88 gold, have 19).
   127 | D:1      | Reached XP level 2. HP: 15/16 MP: 4/4
   193 | D:1      | Reached skill level 6 in Ranged Weapons
   614 | D:1      | 614 ||| UPGRADING to +0 scale mail.
   624 | D:1      | 624 ||| DROPPING +0 leather armour.
   625 | D:1      | 625 ||| UPGRADING to +0 ring mail.
   635 | D:1      | 635 ||| DROPPING +0 scale mail.
   636 | D:1      | 636 ||| READING scroll labelled GAMMIUWINE.
   637 | D:1      | 637 ||| READING 2 scrolls labelled ZYCOGHU BOIMA.
   641 | D:1      | 641 ||| READING scroll labelled ETSOOH HEYRUFAU.
   642 | D:1      | 642 ||| DROPPING scroll of butterflies.
   667 | D:2      | Found a faded altar of an unknown god.
   706 | D:2      | Reached XP level 3. HP: 19/20 MP: 5/5
   731 | D:2      | Found a hide-covered altar of Uskayaw.
   737 | D:2      | Reached skill level 7 in Ranged Weapons
   891 | D:2      | Reached XP level 4. HP: 25/25 MP: 6/6
  1056 | D:2      | 1056 ||| READING 3 scrolls labelled HEIPIL SIBU.
  1057 | D:2      | 1057 ||| READING scroll labelled VEGRASHR JARRU.
  1058 | D:2      | 1058 ||| READING 2 scrolls of identify.
  1058 | D:2      | 1058 ||| IDENTIFYING red potion
  1098 | D:3      | HP: 5/25 [hound (2)]
  1099 | D:3      | 1099 ||| READING 3 scrolls of teleportation.
  1099 | D:3      | Slain by a hound

Levels and vault maps discovered:
D:1:      elethiomel_arrival_quiet, layout_basic, serial_shops,
          nicolae_shop_industrial_runoff, solitary_fountain
D:2:      layout_rooms, nicolae_ecumenical_pavilion, basic_altar,
          minmay_pentomino_s2
D:3:      layout_loops_ring, st_stairs_4, nicolae_wormholes, uniq_terence,
          uniq_robin

Skill      XL: |  1  2  3 |
---------------+----------+-----
Ranged Weapons | 6 7 |  7.5
Fighting       | |  1.5
Dodging        | |  2.4
Stealth        | |  1.2

Action                     |  1- 3 |  4- 6 || total
---------------------------+-------+-------++-------
   Fire: Shortbow          |   108 |    15 ||   123
    Use: Scroll            |     3 |     4 ||     7
 Armour: Leather armour    |     2 |       ||     2
         Ring mail         |    19 |     9 ||    28
  Dodge: Dodged            |    35 |     5 ||    40

Table legend:
 A = Non-vault XP
 B = Vault XP
 C = Vault XP percentage of total XP
 D = Non-vault monster count
 E = Vault monster count
 F = Vault count percentage of total count
                 A         B        C        D         E       F
            +---------+---------+-------+---------+---------+-------
      Total |      95 |       8 |   7.8 |      46 |       3 |   6.1
            +---------+---------+-------+---------+---------+-------
        D:1 |      38 |       0 |   0.0 |      23 |       0 |   0.0
        D:2 |      57 |       4 |   6.6 |      23 |       1 |   4.2
        D:3 |       0 |       4 | 100.0 |       0 |       2 | 100.0
            +---------+---------+-------+---------+---------+-------
